 Dungeon Crawl Stone Soup version 0.15-a0-2374-gaadabb3 (webtiles) character file.

21 Charly the Ruffian (level 2, 0/23 HPs)
             Began as a Draconian Transmuter on Aug 1, 2014.
             Slain by an orc
             ... wielding a +0 mace
              (2 damage)
             ... on Level 3 of the Dungeon.
             The game lasted 00:05:25 (354 turns).

Charly the Ruffian (Draconian Transmuter)            Turns: 354, Time: 00:05:25

HP   0/23        AC  4     Str 12      XL: 2   Next: 62%
MP   4/4         EV 12     Int 13      God:
Gold 29          SH  0     Dex 11      Spells:  2 memorised,  2 levels left

rFire  . . .     SeeInvis .       - Unarmed
rCold  . . .     Clarity  .     (armour unavailable)
rNeg   . . .     rCorr    .     (no shield)
rPois  .         rRot     .     (helmet restricted)
rElec  .         Spirit   .     (no cloak)
SustAb .         Warding  .     (no gloves)
rMut   .         Stasis   .     (no boots)
Gourm  .                        e - cursed amulet of inaccuracy
MR     .....                    (no ring)
                                (no ring)

@: appendage (expiring), not resistant to hostile enchantments, very unstealthy
A: unfitting armour, horns 2, cold-blooded, AC +4
a: End Transformation


You were on level 3 of the Dungeon.
You were not hungry.
You had grown temporary horns.
You visited 1 branch of the dungeon, and saw 3 of its levels.

You collected 29 gold pieces.

Inventory:

Missiles
 b - 30 arrows
Magical devices
 i - a wand of flame (11)
Comestibles
 a - 2 bread rations
Scrolls
 f - a scroll of amnesia
Jewellery
 e - a cursed amulet of inaccuracy (around neck)
Potions
 h - a potion of curing
Books
 d - a book of Changes

   Spells                             Type                      Level
   *Beastly Appendage                 Transmutation                1
   *Sticks to Snakes                  Transmutation                2
   Spider Form                        Transmutation/Poison         3
   Ice Form                           Ice/Transmutation            4
   Blade Hands                        Transmutation                5


   Skills:
 - Level 1.1 Fighting
 - Level 1.7 Dodging
 + Level 3.6 Unarmed Combat
 - Level 2.0 Spellcasting
 + Level 2.5 Transmutations


You had 2 spell levels left.
You knew the following spells:

 Your Spells              Type           Power        Failure   Level  Hunger
b - Beastly Appendage     Trmt           #.....       10%         1    ##.....
s - Sticks to Snakes      Trmt           #.........   14%         2    ###....


Dungeon Overview and Level Annotations

Branches:
Dungeon (3/15)

Altars:
Vehumet


Innate Abilities, Weirdness & Mutations

Your plain brown scales are hard (AC +4).
Your body does not fit into most forms of armour.
Your cold-blooded metabolism reacts poorly to cold.
You have a pair of horns on your head.


Message History

The orc is severely wounded.
The orc barely misses you.
You barely miss the orc.
You tail-slap the orc, but do no damage.
The orc is severely wounded.
The orc hits you with a mace.
* * * LOW HITPOINT WARNING * * *
You hit the orc.
The orc is severely wounded.
You miss the orc. Your headbutt misses the orc.
The orc is severely wounded.
The orc hits you with a mace.
* * * LOW HITPOINT WARNING * * *
You hit the orc but do no damage.
The orc is severely wounded.
The orc closely misses you.
You barely miss the orc.
The orc is severely wounded.
The orc hits you with a mace.
You die...

****,**[..........###...,,,, ,,**
,,,,,,,.................,,,,,,***
****,*,####...#...###... ,,,,***,
*,>,,, * #...#<#..#*....,,,,,,***
,,**,***##....#...##....,,,,,,,*+
** *, *#............#******,,,,*
* * **#..#....%...### **,,,,
****,*#..*#.####(o## ****,
,,,,,*.,**#.* #@## **
,**,,,,***#.* #.##### ,
**,*,,,,.,* #.#...#
,,,,,,,***#.** #.#.### *,,,,,***
#..###.#.# *** ,,,.**#........#
### *,,,* ..##.###....# ##.####
**, * **....**#....# ####.[.... *
,* ***#..###.#.#####.........


You could see an orc.

Vanquished Creatures
  An adder (D:3)
  A giant cockroach (D:1)
  A goblin (D:1)
  A kobold (D:3)
  A ball python (D:3)
  4 bats
  2 giant newts
  2 rats (D:1)
13 creatures vanquished.

Vanquished Creatures (collateral kills)
  A hobgoblin (D:3)
1 creature vanquished.

Grand Total: 14 creatures vanquished

Notes
Turn   | Place    | Note
--------------------------------------------------------------
     0 | D:1      | Charly, the Draconian Transmuter, began the quest for the Orb.
     0 | D:1      | Reached XP level 1. HP: 16/16 MP: 3/3
   167 | D:2      | Reached XP level 2. HP: 21/23 MP: 2/4
   171 | D:2      | Learned a level 2 spell: Sticks to Snakes
   226 | D:3      | Found a radiant altar of Vehumet.
   352 | D:3      | HP: 1/23 [orc/mace (2)]
   354 | D:3      | Slain by an orc

Action                   || total
-------------------------++-------
Melee: Unarmed           ||    53
 Cast: Beastly Appendage ||    10
       Sticks to Snakes  ||     2
  Use: Scroll            ||     4
 Stab: Sleeping          ||     1
